 Dungeon Crawl Stone Soup version 0.22.1-1-ga44c0e5 (webtiles) character file.

2279 Godammit the Magician (level 9, 0/57 HPs)
             Began as an Octopode Venom Mage on Oct 28, 2018.
             Was a Believer of Vehumet.
             Slain by Pikel
             ... wielding a +1 whip of freezing
              (8 damage)
             ... on level 7 of the Dungeon.
             The game lasted 00:37:30 (9911 turns).

Godammit the Magician (Octopode Venom Mage)         Turns: 9911, Time: 00:37:31

Health: 0/57       AC:  1    Str:  9    XL:     9   Next: 39%
Magic:  17/20      EV: 14    Int: 19    God:    Vehumet [**....]
Gold:   312        SH:  0    Dex: 18    Spells: 15/23 levels left

rFire    . . .     SeeInvis .   e - +8 war axe "Vew Veist" {venom, Str+2 Dex+4}
rCold    . . .     Gourm    .   (no shield)
rNeg     . . .     Faith    .   (helmet restricted)
rPois    .         Spirit   .   (no amulet)
rElec    .         Reflect  .   (no ring)
rCorr    .         Harm     .   (no ring)
MR       .....                  (no ring)
Stlth    +++.......             (no ring)
HPRegen  0.19/turn              (no ring)
MPRegen  0.17/turn              (no ring)
                                (no ring)
                                (no ring)

@: no status effects
A: almost no armour, stealthy swim, amphibious, 8 rings, constrict 8, camouflage
1, gelatinous body 1
a: Renounce Religion


You were on level 7 of the Dungeon.
You worshipped Vehumet.
Vehumet was pleased with you.
You were not hungry.

You visited 1 branch of the dungeon, and saw 7 of its levels.

You collected 312 gold pieces.

Inventory:

Hand Weapons
 e - the +8 war axe "Vew Veist" (weapon) {venom, Str+2 Dex+4}
   (You took it off an orc on level 7 of the Dungeon)

   It poisons the flesh of those it strikes.
   It affects your strength (+2).
   It affects your dexterity (+4).
 x - a +2 hunting sling of flaming
 E - a +4 trident of venom
Missiles
 c - 20 arrows
 o - 3 throwing nets (quivered)
 r - 51 poisoned needles
 w - 212 stones
 D - 22 tomahawks
Wands
 s - a wand of random effects (41)
 B - a wand of polymorph (26)
 C - a wand of disintegration (13)
Scrolls
 a - a scroll of fog {unknown}
 d - 4 scrolls of enchant armour
 h - 2 scrolls of immolation
 i - 2 scrolls of teleportation {unknown}
 m - 4 scrolls of amnesia
 n - a scroll of blinking {unknown}
 t - a scroll of magic mapping {unknown}
 u - a scroll of random uselessness {unknown}
 z - 2 scrolls of remove curse {unknown}
Potions
 f - 3 potions of curing
 g - 3 potions of flight {unknown}
 j - a potion of degeneration {unknown}
 k - 2 potions of berserk rage {unknown}
 l - a potion of mutation {unknown}
 p - 3 potions of heal wounds {unknown}
 q - a potion of haste {unknown}
 v - 4 potions of magic {unknown}
 A - a potion of brilliance {unknown}
Comestibles
 b - 15 rations
 F - a chunk of flesh


   Skills:
 + Level 3.4 Fighting
 - Level 0.6(3.1) Axes
 - Level 4.9(5.0) Polearms
 - Level 2.0 Dodging
 - Level 2.6 Stealth
 + Level 7.5 Spellcasting
 * Level 2.4 Conjurations
 - Level 2.2 Fire Magic
 - Level 2.3 Air Magic
 - Level 7.0 Poison Magic


You had 15 spell levels left.
You knew the following spells:

 Your Spells              Type           Power        Failure   Level  Hunger
a - Sting                 Conj/Pois      ####         1%          1    None
b - Poisonous Vapours     Pois/Air       ####..       1%          2    None
c - Olgreb's Toxic Radia  Pois           ####....     5%          4    ###....
d - Flame Tongue          Conj/Fire      ###..        3%          1    None

Your spell library contained the following spells:

 Spells                   Type           Power        Failure   Level  Hunger
 Searing Ray              Conj           ###...       5%          2    None
 Mephitic Cloud           Conj/Pois/Air  ###.....     6%          3    #......
 Venom Bolt               Conj/Pois      ####......   36%         5    #####..


Dungeon Overview and Level Annotations

Branches:
Dungeon (7/15)             Temple (0/1) D:6

Altars:
Cheibriados
Dithmenos
Makhleb
Ru
Uskayaw
Vehumet
Xom
Zin
The Shining One

Annotations:
D:4 exclusion: downstairs
D:5 exclusion: downstairs
D:7 Pikel


Innate Abilities, Weirdness & Mutations

You cannot wear most types of armour.
You are very stealthy in the water. (Stealth+)
You are amphibious.
You can wear up to eight rings at the same time.
You can use your tentacles to constrict eight enemies at once.
Your skin changes colour to match your surroundings (Stealth+).
Your rubbery body absorbs attacks. (AC +1, EV +1)


Message History

You are splashed with acid!
The acid burns!
* * * LOW HITPOINT WARNING * * *
You kill the jelly!
Vehumet accepts your kill.
You feel your power returning.
Training target 5.0 for Polearms reached!
You feel better.
Okay, then.
Casting: Flame Tongue (safe; 3% risk of failure)
Confirm with . or Enter, or press ? or * to list all spells.
You begin to radiate toxic energy.
Pikel is poisoned.
The slave is poisoned.
The slave hits you!
* * * LOW HITPOINT WARNING * * *
Pikel looks even sicker.
The slave looks even sicker.
The slave misses you.
The slave looks even sicker.
Your toxic aura wanes.
Pikel barely misses you.
You are no longer corroded.
Pikel hits you with a whip of freezing!
You die...

...............#
.....##.......##
.....##.......##
...............#
#....##........#
#....##........#
.....#######.########
.....##.....[.##....#
......#.........@...##
......#..........Kp..#
#######..............#
...)..##.#######....##
.......... #....##
.......... #.(...#
.......... #.....#
......>... #.....#
.......... #######


You could see Pikel and a slave.

Vanquished Creatures
  Sigmund (D:4)
  Edmund (D:5)
  Duvessa (D:4)
  An orc warrior (D:7)
  A phantom (D:5)
  3 slaves (D:7)
  2 ogres
  A centaur (D:7)
  3 bullfrogs
  Dowan (D:4)
  3 scorpions
  A crimson imp (D:5)
  A bullfrog zombie (D:5)
  4 hounds
  2 orc wizards (D:7)
  3 jellies
  5 orc priests
  4 iguanas
  Natasha (thrice) (D:3)
  3 worker ants
  Robin (D:3)
  8 gnolls
  7 adders
  A shadow imp (D:5)
  An adder skeleton (D:4)
  4 worms
  3 dart slugs
  5 leopard geckos
  22 orcs
  5 giant cockroaches
  4 hobgoblins
  7 jackals
  A quokka (D:7)
  9 bats
  3 frilled lizards
  17 goblins
  2 goblin zombies (D:5)
  A hobgoblin zombie (D:5)
  A jackal zombie (D:5)
  6 kobolds
  A kobold skeleton (D:5)
  2 kobold zombies (D:5)
  An orc skeleton (D:5)
  7 rats
163 creatures vanquished.

Notes
Turn   | Place    | Note
-------+----------+-------------------------------------------
     0 | D:1      | Godammit the Octopode Venom Mage began the quest for the
                  | Orb.
     0 | D:1      | Reached XP level 1. HP: 11/11 MP: 3/3
   455 | D:1      | Reached XP level 2. HP: 17/17 MP: 0/5
   973 | D:1      | Reached XP level 3. HP: 15/21 MP: 6/6
  1135 | D:1      | Learned a level 2 spell: Poisonous Vapours
  1783 | D:2      | Reached XP level 4. HP: 27/27 MP: 1/8
  1863 | D:2      | Found a radiant altar of Vehumet.
  1864 | D:2      | Found a burning altar of Makhleb.
  1866 | D:2      | Found a glowing silver altar of Zin.
  1951 | D:2      | Became a worshipper of Vehumet
  1957 | D:2      | Learned a level 4 spell: Olgreb's Toxic Radiance
  2041 | D:2      | Reached skill level 5 in Poison Magic
  2546 | D:2      | Found a sacrificial altar of Ru.
  2666 | D:2      | Found a shadowy altar of Dithmenos.
  3061 | D:3      | Reached XP level 5. HP: 21/32 MP: 3/9
  3338 | D:3      | Noticed Robin
  3338 | D:3      | Noticed Natasha
  3340 | D:3      | Reached * piety under Vehumet
  3340 | D:3      | Offered knowledge of Flame Tongue by Vehumet.
  3340 | D:3      | Reached skill level 1 in Polearms
  3341 | D:3      | Reached skill level 1 in Air Magic
  3347 | D:3      | Killed Natasha
  3365 | D:3      | Killed Robin
  4322 | D:3      | Reached skill level 1 in Fighting
  4408 | D:3      | Noticed Natasha
  4413 | D:3      | Killed Natasha
  4413 | D:3      | Reached XP level 6. HP: 38/38 MP: 0/11
  4556 | D:3      | Noticed Natasha
  4571 | D:3      | Killed Natasha
  4754 | D:4      | Noticed Dowan
  4754 | D:4      | Noticed Duvessa
  4781 | D:4      | Killed Duvessa
  4791 | D:4      | Killed Dowan
  4791 | D:4      | Reached XP level 7. HP: 26/43 MP: 1/13
  4914 | D:4      | Learned a level 1 spell: Flame Tongue
  5238 | D:4      | Found a sand-covered staircase.
  5426 | D:4      | Reached skill level 1 in Fire Magic
  5571 | D:4      | Noticed Sigmund
  5580 | D:4      | Killed Sigmund
  5772 | D:5      | Entered Level 5 of the Dungeon
  5811 | D:5      | Found a shimmering altar of Xom.
  5814 | D:5      | Found a shimmering altar of Xom.
  5939 | D:5      | Reached skill level 5 in Spellcasting
  6316 | D:5      | Noticed Edmund
  6322 | D:5      | Killed Edmund
  6322 | D:5      | Reached XP level 8. HP: 48/48 MP: 6/15
  6819 | D:5      | Found a glowing golden altar of the Shining One.
  7513 | D:6      | Found a staircase to the Ecumenical Temple.
  7997 | D:6      | Reached ** piety under Vehumet
  7997 | D:6      | Reached XP level 9. HP: 41/55 MP: 15/19
  8456 | D:7      | Found a hide-covered altar of Uskayaw.
  8780 | D:7      | Offered knowledge of Searing Ray by Vehumet.
  9229 | D:7      | Got a brightly glowing war axe {venom}
  9230 | D:7      | Identified the +8 war axe "Vew Veist" {venom, Str+2 Dex+4}
                  | (You took it off an orc on level 7 of the Dungeon)
  9322 | D:7      | Noticed Pikel
  9418 | D:7      | Found a snail-covered altar of Cheibriados.
  9911 | D:7      | Slain by Pikel

Skill      XL: |  1  2  3  4  5  6  7  8  9 |
---------------+----------------------------+-----
Poison Magic   | 4 5 6 7 |  7.0
Spellcasting   | 3 4 5 6 7 |  7.5
Polearms       | 2 4 |  4.9
Air Magic      | 1 2 |  2.3
Fighting       | 1 2 3 |  3.4
Fire Magic     | 2 |  2.2
Conjurations   | 2 |  2.4
Axes           | |  0.6
Dodging        | |  2.0
Stealth        | |  2.6

Action                   |  1- 3 |  4- 6 |  7- 9 || total
-------------------------+-------+-------+-------++-------
Melee: Unarmed           |    45 |     2 |       ||    47
       Tentacles         |     6 |     9 |    23 ||    38
       Constrict         |     6 |    20 |    31 ||    57
       Halberd           |       |    72 |     5 ||    77
       Spear             |       |       |   116 ||   116
       War axe           |       |       |    24 ||    24
 Cast: Sting             |    24 |     1 |       ||    25
       Poisonous Vapours |     9 |    38 |    47 ||    94
       Olgreb's Toxic Ra |       |     1 |    20 ||    21
       Flame Tongue      |       |       |    17 ||    17
  Use: Scroll            |       |       |     8 ||     8
       Potion            |       |       |     2 ||     2
 Stab: Sleeping          |     7 |    10 |     4 ||    21
  Eat: Chunk             |     2 |    12 |    16 ||    30
       Ration            |       |       |     1 ||     1
Armor: Skin              |     9 |     9 |     2 ||    20
Dodge: Dodged            |    36 |    31 |    81 ||   148
